 Dungeon Crawl Stone Soup version 0.31.0-1-g2c135a008e (webtiles) character file.

Game seed: 11584773924719480307

32 qw the Shooter (level 3, -3/29 HPs)
             Began as a Djinni Hunter on Jan 23, 2024.
             Slain by a gnoll
             ... wielding a +0 flail
              (9 damage)
             ... on level 2 of the Dungeon.
             The game lasted 00:00:04 (860 turns).

qw the Shooter (Djinni Hunter)                       Turns: 860, Time: 00:00:04

Health: -3/29      AC:  3    Str: 10    XL:     3   Next: 45%
Gold:   58         EV: 12    Int: 10    God:
                   SH:  0    Dex: 18

rFire   + + .        a - +0 shortbow
rCold   x . .        (shield currently unavailable)
rNeg    . . .        c - +0 leather armour
rPois   inf          (no helmet)
rElec   .            (no cloak)
rCorr   .            (no gloves)
SInv    .            (boots unavailable)
Will    .....        (no amulet)
Stlth   ++           (no ring)
HPRegen 0.24/turn    (no ring)
MPRegen 0.00/turn

%: infuse magic (-4 HP)
@: about to teleport, flying
A: sickness immunity, fire resistance 2, cold vulnerability 1, float, innate
caster, HP casting, extra vitality 1
a: no special abilities


You were on level 2 of the Dungeon.
You visited 1 branch of the dungeon, and saw 2 of its levels.

You collected 58 gold pieces.


Innate Abilities, Weirdness & Mutations

You are immune to sickness and miasma.
You are immune to poison.
Your flesh is very heat resistant. (rF++)
You are vulnerable to cold. (rC-)
You float through the air rather than walking.
You learn spells naturally, not from books.
Your magical power is your life essence.
You have superior vitality. (+4 MHP)


   Skills:
 + Level 2.4 Fighting
 - Level 4.0 Ranged Weapons
 - Level 2.1 Dodging
 - Level 0.7 Stealth


You knew the following spells:

 Your Spells              Type           Power      Damage    Failure   Level
a - Freeze                Ice            0%         1d3       45%         1
Your spell library was empty.

Inventory:

Hand Weapons
 a - a +0 shortbow (weapon)
Armour
 c - a +0 leather armour (worn)
Jewellery
 g - a ring of ice
Scrolls
 b - 3 scrolls of identify
 f - a scroll of revelation {unknown}
Potions
 e - a potion of might

Dungeon Overview and Level Annotations

Branches:
Dungeon (2/15)

Altars:


Message History

Found a stone staircase leading up.
Found 2 poisoned darts.
Found a stone staircase leading down.
You see here 2 poisoned darts.
There is a stone staircase leading down here.
Found a short sword.
You see here a +0 short sword.
Found an escape hatch in the ceiling.
There is an escape hatch in the ceiling here.
You reach down and open the door.
There is an open door here.
A bat comes into view.
You shoot an arrow. The arrow hits the bat!
You kill the bat!
Found a stone staircase leading down.
b - 3 scrolls of identify (gained 1) 3 gnolls come into view.
The gnoll shouts! x2
A gnoll comes into view. It is wielding a +0 club.
The gnoll shouts!
Enter note:
Enter note:
853 ||| RETREEEEATING.
855 ||| RETREEEEATING.
You shoot an arrow. The arrow hits the gnoll.
The gnoll is moderately wounded.
The gnoll hits you from afar with a +0 spear.
You shoot an arrow. The arrow hits the gnoll.
The gnoll is lightly wounded.
You shoot an arrow. The arrow hits the gnoll.
The gnoll is moderately wounded.
The gnoll hits you with a +0 flail!
You shoot an arrow. The arrow closely misses the gnoll.
The gnoll completely misses you. The gnoll hits you with a +0 flail!
The gnoll barely misses you. x2
860 ||| READING scroll of teleportation.
As you read the scroll of teleportation, it crumbles to dust.
You feel strangely unstable. The gnoll barely misses you.
The gnoll hits you with a +0 flail!
You die...

#. #g #. #g #g #####
#. #... #g#####.###
#.g@......#
.#######.#.#
...........# ########
########.### #.....)#
#...# #.####.#
#############.# #.#
#.# ..............#
#.# #.#
#############..%..###
#.# #.#
..................+
#.# #..


You could see 2 gnolls.

Vanquished Creatures
  2 ribbon worms (D:2)
  4 ball pythons
  2 bats
  An endoplasm (D:1)
  3 giant cockroaches
  5 goblins (D:1)
  A hobgoblin (D:1)
  3 jackals (D:1)
  A frilled lizard (D:1)
  A kobold (D:1)
  3 rats (D:1)
26 creatures vanquished.

Notes
Turn   | Place    | Note
-------+----------+-------------------------------------------
     0 | D:1      | qw the Djinni Hunter began the quest for the Orb.
     0 | D:1      | Reached XP level 1. HP: 18/18 MP: 0/0
     0 | D:1      | 0 ||| qw: Version: 0.3-a-136-gdd3b4e8
     0 | D:1      | 0 ||| qw: Game counter: 1107
     0 | D:1      | 0 ||| qw: Melee chars always use a shield: true
     0 | D:1      | 0 ||| qw: God list: Okawaru
     0 | D:1      | 0 ||| qw: Allow faded altars: false
     0 | D:1      | 0 ||| qw: Do Orc after clearing Dungeon:15 true
     0 | D:1      | 0 ||| qw: Do second Lair branch before Depths: true
     0 | D:1      | 0 ||| qw: Lair rune preference: random
     0 | D:1      | 0 ||| qw: Goals: Normal
     0 | D:1      | 0 ||| PLANNING D:1-11
    48 | D:1      | Reached XP level 2. HP: 23/23 MP: 0/0
   311 | D:1      | Reached XP level 3. HP: 28/28 MP: 0/0
   311 | D:1      | Learned a level 1 spell: Freeze
   475 | D:1      | Reached skill level 4 in Ranged Weapons
   492 | D:1      | 492 ||| READING 2 scrolls labelled PELICAQITT.
   496 | D:1      | 496 ||| READING scroll labelled IMAENG ZAFEP.
   496 | D:1      | 496 ||| IDENTIFYING murky pink potion
   497 | D:1      | 497 ||| READING scroll labelled QUSUCKOETYI.
   498 | D:1      | 498 ||| READING scroll labelled ESSANI SEMUHE.
   499 | D:1      | 499 ||| READING scroll labelled ZUTHUR FUBUPT.
   500 | D:1      | 500 ||| DROPPING scroll of butterflies.
   515 | D:2      | 515 ||| STAIRDANCE
   527 | D:2      | 527 ||| STAIRDANCE
   853 | D:2      | 853 ||| RETREEEEATING.
   855 | D:2      | 855 ||| RETREEEEATING.
   859 | D:2      | HP: 5/29 [gnoll/+0 flail (13)]
   860 | D:2      | 860 ||| READING scroll of teleportation.
   860 | D:2      | Slain by a gnoll

Levels and vault maps discovered:
D:1:      noname_arrival_rooms_in_the_neighbourhood, layout_basic,
          serial_bayou_pond_b, fountainhead
D:2:      layout_basic, nicolae_twisty_statue_hallways, uniq_natasha

Skill      XL: |  1  2  3 |
---------------+----------+-----
Ranged Weapons | 4 |  4.0
Fighting       | |  2.4
Dodging        | |  2.1
Stealth        | |  0.7

Action                     || total
---------------------------++-------
   Fire: Shortbow          ||    77
    Use: Scroll            ||     6
 Armour: Leather armour    ||    18
  Dodge: Dodged            ||    23

Table legend:
 A = Non-vault XP
 B = Vault XP
 C = Vault XP percentage of total XP
 D = Non-vault monster count
 E = Vault monster count
 F = Vault count percentage of total count
                 A         B        C        D         E       F
            +---------+---------+-------+---------+---------+-------
      Total |      41 |       6 |  12.8 |      22 |       4 |  15.4
            +---------+---------+-------+---------+---------+-------
        D:1 |      28 |       6 |  17.6 |      17 |       4 |  19.0
        D:2 |      13 |       0 |   0.0 |       5 |       0 |   0.0
            +---------+---------+-------+---------+---------+-------
